Valiry, neutral female human Valkyrie ---------- |@f<.....+ |.......$| --+------- Valiry the Skirmisher Experience level: 3 Strength: 18/12 Dexterity: 13 Constitution: 18 Intelligence: 8 Wisdom: 9 Charisma: 8 Health: 0(30) Energy: 8(8) Def: 6 Gold: 220 Moves: 2016 Dungeon seed: oWT66G-PTjAtVywR Game ID: Valiry_1576514115 Your Inventory: Coins $ - 220 gold pieces Weapons b - 4 uncursed +0 daggers Armor e - an uncursed +3 small shield (being worn) n - an uncursed +0 leather armor (being worn) q - a blessed +0 orcish helm Comestibles d - 2 uncursed food rations h - an uncursed lichen corpse t - 3 uncursed cream pies Scrolls k - a cursed scroll of remove curse o - an uncursed scroll of gold detection p - a cursed scroll of destroy armor s - an uncursed scroll of magic mapping u - a cursed scroll of water Spellbooks m - an uncursed spellbook of dig Wands c - an uncursed wand of cold (0:5) l - an uncursed wand of enlightenment (0:12) Tools f - an uncursed oil lamp (0:1476) Gems r - an uncursed fluorite y - 14 uncursed rocks z - an uncursed worthless piece of orange glass N - an uncursed worthless piece of white glass Spells and supernatural/magical abilities: Name Level Category Fail Memory W - pray for help -- divine ? -- Your skills at the end: Miscellaneous Skills shield [Basic] wands [Basic] Weapon Skills dagger [Basic] spear [Basic] Spellcasting Skills Final Attributes: You were devoutly aligned. You were cold resistant. You were very stealthy. You could fly. You are dead. Vanquished creatures: a shrieker an iguana an acid blob a yellow mold 2 garter snakes 4 jackals 2 goblins 2 lichens a kobold zombie 15 creatures vanquished. Voluntary challenges: You followed a strict vegan diet. You did not adorn yourself with jewelry or accessories. You did not cause conflict. You were not invisible. You did not have reflection. You were not displaced. You were an atheist. You never hit with a wielded weapon. You did not use tools. You did not use plumbed fixtures. You did not drink any magical draughts. You were illiterate. You never genocided any monsters. You never polymorphed an object. You never changed form. You used no wishes. You never split a pudding. You never wrote Elbereth's name. You violated your moral code, losing 1 point of alignment, starting on turn 1782. Dungeon overview: The Dungeons of Doom: levels 1 to 6 Level 1 a long staircase Level 2 portal to Advent Calendar Level 3 Level 4 Level 5 a fountain Level 6 <- You were here Advent Calendar: Level 5 many trees portal to The Dungeons of Doom History has recorded: On T:1 you entered the Dungeons of Doom to retrieve the Amulet of Yendor! On T:427 you reached level 2 of The Dungeons of Doom. On T:480 you reached level 1 of Advent Calendar. On T:611 you advanced to experience level 2. On T:871 you reached level 3 of The Dungeons of Doom. On T:906 you reached level 4 of The Dungeons of Doom. On T:935 you reached level 5 of The Dungeons of Doom. On T:1059 you advanced to experience level 3. On T:2006 you reached level 6 of The Dungeons of Doom. Score breakdown: Gold: 220 ( 22 points) Experience: 3 levels ( 200 points) Exploration: 6 levels ( 150 points) Discoveries: 12 items ( 600 points) Variety of kills: 9 monsters ( 450 points) Major goal: (nothing yet) ( 0 points) Survival: died (score multiplied by 3) Total score: 4266 Latest messages: You are beginning to feel hungry. That food really hit the spot! You finish eating the food ration. The door opens. You see here a chain mail. You see here 7 rocks. You fly down along the stairs. The kitten misses. The kitten bites! You miss the kitten. The kitten bites! You miss the kitten. The kitten bites! The kitten misses. You miss the kitten. The kitten bites! (3x) The door resists! The kitten bites! (2x) You miss the kitten. The kitten bites! (4x) You die... Final status: Farvel Valiry the Valkyrie, killed by a kitten... You died in The Dungeons of Doom on dungeon level 6 with 4266 points, and 220 pieces of gold, after 2016 moves. You were level 3 with a maximum of 30 hit points when you died.